[Event "FRA-ch Teams Top 16-Haute 2022"]
[Site "Chartres"]
[Date "2022.06.17"]
[Round "9.17"]
[White "Brunner, Nicolas"]
[Black "Bacrot, Etienne"]
[Result "0-1"]
[ECO "D24"]
[WhiteElo "2454"]
[BlackElo "2638"]
[Annotator "TA"]
[PlyCount "60"]
[EventDate "2022.06.16"]
[EventType "team-tourn"]
[EventCountry "FRA"]
[SourceTitle "playchess.com"]
[Source "ChessBase"]
[SourceQuality "1"]
[TimeControl "40/5400+30:1800+30"]

1. d4 d5 2. c4 e6 3. Nf3 Nf6 4. Nc3 dxc4 5. e4 b5 (5... Bb4 $5 ) 6. e5 {[%emt 0:00:04] D24: Queen's Gambit Accepted: 3 Nf3 Nf6 4 Nc3.} Nd5 7. Nxb5 Nb6 8. Be2 {[%emt 0:01:08] White is slightly better.} Nc6 $1 {[%emt 0:02:01] 8...Nc6 is better than 8...Be7.} 9. Be3 Be7 10. a3 O-O 11. Qc2 Na5 12. Rd1 Bb7 13. Nc3 {[%emt 0:03:38] [#]} Qd7 $146 ({Predecessor:} 13... Nd5 14. Bd2 Nb3 15. Bxc4 Nxd2 16. Bxd5 Nxf3+ 17. Bxf3 Bxf3 18. gxf3 f6 19. f4 Qe8 {½-½ (55) Chronopoulos,A (2119)-Marcuzzo,G (2233) ICCF email 2021}) 14. h4 f5 15. exf6 $1 gxf6 16. Ne4 (16. Kf1 $16) 16... Qa4 $1 $11 17. Qb1 Nb3 18. O-O Kh8 19. Rfe1 Qc6 {[%emt 0:03:57] Against Nc5} 20. Ned2 {[%emt 0:08:54] [#]} (20. Nc3 $11) 20... Nxd2 $1 $17 {[%emt 0:03:45] Black is more active.} 21. Bxd2 Rg8 {[%emt 0:00:12] aiming for ...Rg4.} 22. Kh1 $2 {[%emt 0:00:41] White does not recover from this.} (22. d5 $17 Nxd5 23. Qe4) 22... Rg4 $19 {[%emt 0:01:34] Threatens to win with ...Qd5.} 23. Rg1 $2 (23. g3) 23... Rag8 24. g3 Bd6 25. Kh2 $2 (25. Rg2 {was called for.}) 25... Qd5 {[%emt 0:00:38] [#] White must now prevent ...Qh5.} 26. Bb4 (26. Ne5 $142 fxe5 27. Bxg4 Rxg4 28. dxe5 Qxe5 29. Kh3) 26... Re4 $2 (26... Qh5 {( -> ...Bxf3)} 27. d5 Rxh4+ 28. Nxh4 Qxh4+ 29. Kg2 Nxd5) 27. Bf1 (27. Rde1 $142 Rxe2 28. Rxe2 Qxf3 29. Qf1) 27... Rf4 28. Bxd6 Rxf3 29. Bxc7 Rxf2+ 30. Kh3 Qf3 {[%emt 0:01:14] Weighted Error Value: White=0.93/Black=0.30} 0-1

[Event "FRA-ch Teams Top 16-Haute 2022"]
[Site "Chartres"]
[Date "2022.06.17"]
[Round "9.18"]
[White "Ragger, Markus"]
[Black "Hamitevici, Vladimir"]
[Result "1-0"]
[ECO "B12"]
[WhiteElo "2636"]
[BlackElo "2482"]
[Annotator "TA"]
[PlyCount "41"]
[EventDate "2022.06.16"]
[EventType "team-tourn"]
[EventCountry "FRA"]
[SourceTitle "playchess.com"]
[Source "ChessBase"]
[SourceQuality "1"]
[TimeControl "40/5400+30:1800+30"]

1. e4 c6 2. d4 d5 3. e5 Bf5 4. h4 h5 5. Bd3 Bxd3 6. Qxd3 e6 7. Bg5 {[%emt 0:00:49] B12: Caro-Kann: Advance Variation.} Qa5+ (7... Qb6 $5 ) 8. Nd2 Qa6 9. c4 {[%emt 0:00:54] The position is equal.} Nh6 10. Ne2 {[%emt 0:07:14] [#]} Bb4 $146 ({Predecessor:} 10... Nf5 11. O-O Nd7 12. b3 Be7 13. Bxe7 Nxe7 14. Ng3 g6 15. Nf3 Kf8 16. Ng5 Kg7 {1-0 (35) Sevian,S (2660)-Maly,A (2371) Chess.com INT 2020}) 11. O-O Bxd2 12. Qxd2 (12. Bxd2 $6 Qxc4 13. Qxc4 dxc4 $11) 12... Qxc4 13. Rac1 $40 {[%emt 0:01:00][%cal Ba1c1,Bc1c3,Bc3b3][%mdl 160] White has strong attack.} Qa4 14. Ng3 {[%emt 0:14:33][%mdl 1024] White has compensation.} Na6 ({Better is} 14... Nd7 $14) 15. Rc3 $16 (15. Nxh5 $6 Nf5 16. g4 Rxh5 17. gxf5 (17. gxh5 Qxd4 18. Qxd4 Nxd4 $15) 17... Nc7 $11) 15... Qb4 16. Qf4 {[%emt 0:07:39] [#] Rb3 is the strong threat.} (16. Nxh5 $6 Nf5 17. a3 Qxd4 18. Nxg7+ Kd7 19. Nxf5 Qxd2 20. Bxd2 exf5 $14) 16... Qf8 17. Rb3 {[%emt 0:06:00] White is more active.} (17. Nxh5 Nf5 $16) 17... b6 18. Rc1 (18. Nxh5 Nf5 $16) 18... Kd7 (18... Rc8 {was worth a try.} 19. Rbc3 (19. Nxh5 Rc7 $16) (19. Ra3 Nb4 $16) 19... Nb8 20. Nxh5 Rh7) 19. Rf3 $18 ({Resist} 19. Nxh5 $6 Rc8 20. Ra3 Nb4 21. Rxa7+ Rc7 22. Rxc7+ Kxc7 $18) 19... f6 $2 {[%emt 0:07:41] [#]} (19... Rc8 {keeps fighting.} 20. Bxh6 Rxh6 21. Qxf7+ Qe7 22. Qxe7+ (22. Nxh5 c5 $16) 22... Kxe7) 20. exf6 gxf6 21. Qxf6 {[%emt 0:02:10] Weighted Error Value: White=0.04 (flawless) /Black=0.41} ({Not} 21. Bxf6 Rh7 22. Qd2 (22. Nxh5 Nf5 $11) 22... Rf7 $18) 1-0

[Event "FRA-ch Teams Top 16-Haute 2022"]
[Site "Chartres"]
[Date "2022.06.17"]
[Round "9.19"]
[White "Solodovnichenko, Yuri"]
[Black "Rodshtein, Maxim"]
[Result "1/2-1/2"]
[ECO "C15"]
[WhiteElo "2499"]
[BlackElo "2588"]
[Annotator "TA"]
[PlyCount "119"]
[EventDate "2022.06.16"]
[EventType "team-tourn"]
[EventCountry "FRA"]
[SourceTitle "playchess.com"]
[Source "ChessBase"]
[SourceQuality "1"]
[TimeControl "40/5400+30:1800+30"]

1. e4 e6 2. d4 d5 3. Nc3 Bb4 4. Nge2 dxe4 5. a3 Be7 6. Nxe4 Nf6 7. Qd3 Nxe4 8. Qxe4 Nd7 9. Bf4 Nf6 10. Qf3 Bd7 {[%emt 0:06:16] C15: French: 3 Nc3 Bb4: Unusual White 4th moves.} 11. Nc3 {[%emt 0:06:35] [#]} Bc6 $146 ({Predecessor:} 11... O-O 12. Qxb7 Rb8 13. Qxc7 Rxb2 14. Qxd8 Rxd8 15. Bd3 Bc6 16. O-O Rxd4 17. Be5 Rg4 18. g3 {½-½ (28) Nun,J (2415)-Vavra,P (2320) Czech Republic 1995}) 12. Bb5 Bxb5 {[%emt 0:05:28] The position is equal.} 13. Nxb5 O-O 14. Be5 (14. Nxc7 Rc8 15. O-O Rxc7 16. Bxc7 Qxc7 $17) (14. Qxb7 Rb8 15. Qc6 Qd5 16. Qxd5 Nxd5 $17) (14. Bxc7 $2 Qd7 15. Qe2 (15. Qxb7 $2 Rab8 $19) 15... a6 $19) 14... c6 15. Nc3 Nd5 16. O-O Nxc3 17. Qxc3 Qd5 18. Rfd1 Rfd8 19. Rd3 Rd7 20. a4 Rad8 21. Rad1 b5 22. Qa5 Qa2 23. Qc3 f6 24. Bf4 bxa4 (24... e5 {seems wilder.} 25. dxe5 Rxd3 26. cxd3 Qxa4 27. Qc1 c5) 25. Qxc6 {[%emt 0:09:14] [#]} Rxd4 $1 26. h3 (26. Rxd4 Rxd4 27. Rf1 Kf7 $17) (26. h4 Rxd3) 26... Rxd3 (26... Qxb2 27. Qxe6+ Kf8 28. Bh6 $11 (28. Re1 Qb7 $15)) 27. Rxd3 Rxd3 (27... Qxb2 $2 28. Rxd8+ Bf8 29. Qxe6+ Kh8 30. Rxf8#) 28. Qe8+ Bf8 29. cxd3 $15 {[%emt 0:00:06][%mdl 4096] Endgame KQB-KQB} e5 $36 {[%emt 0:03:52][%mdl 2048] Black has good play.} (29... Qxb2 30. Bd6 h6 31. Qc8 $16 (31. Bxf8 Qc1+ 32. Kh2 Qf4+ 33. Kh1 Qc1+ 34. Kh2 Qf4+ 35. Kh1 Qc1+ 36. Kh2 $11) (31. Qxf8+ Kh7 $16)) 30. Be3 a3 31. bxa3 Qxa3 32. Qe6+ Kh8 33. Qe8 (33. Qd5 $15) 33... a5 $1 $17 34. Bd2 a4 35. g4 h6 $1 36. h4 Kh7 37. g5 (37. Be3 $142) 37... fxg5 $2 (37... Qxd3 $19 38. Qxf8 Qxd2 39. gxf6 Qc1+ 40. Kg2 Qc6+ 41. f3 Qxf6) 38. hxg5 $15 hxg5 39. Bxg5 Qb4 {[%emt 0:00:38] Strongly threatening ...a3.} 40. Qxe5 (40. Be3 $142) 40... Qg4+ $17 41. Kh2 a3 42. Bc1 Qd7 {[%emt 0:21:11] Prevents Qd5.} ({Black should try} 42... a2 $17 {[%cal Of8d6] Hoping for ...Bd6!} 43. Bb2 Qg6) 43. Qe4+ $11 g6 {[%emt 0:00:17] next ...Qc7+ is good for Black.} 44. Qc4 {[%emt 0:07:13] Against Qc7+} (44. Kg1 $11) 44... a2 $1 $17 45. Bb2 Qa7 46. Qh4+ Bh6 {[%emt 0:00:02] ( -> ...Qb8+)} 47. Ba1 {[%emt 0:05:23] [#]} Qc5 $1 48. Kg2 {[%emt 0:01:07] [#]} Qd5+ (48... Qg5+ $1 $17 49. Qxg5 Bxg5) 49. Kg1 ({White should play} 49. Qe4 $1 $15 Qxe4+ 50. dxe4) 49... Qg5+ ({Don't take} 49... Qxd3 50. Qe7+ Kg8 51. Qe8+ Bf8 52. Qe6+ Kh7 53. Qf7+ Kh6 54. Qxf8+ $16) 50. Qxg5 Bxg5 {[%emt 0:00:02] KB-KB} 51. Kg2 Kg8 {[%emt 0:00:11] Threatens to win with ...Kf7.} 52. Kf3 Bh4 {[%emt 0:01:07] ...Kf7 is the strong threat.} 53. Ke3 Kf7 54. f3 Ke6 {[%emt 0:00:05] And now ...Kd5 would win.} 55. Ke4 Bf6 56. d4 Kd6 57. Bb2 {[%emt 0:01:56] Black is better.} Bh4 58. Kd3 Kd5 59. Ba1 Bg3 60. Bb2 {[%emt 0:02:45] Weighted Error Value: White=0.16 (very precise) /Black=0.15 (very precise)} 1/2-1/2

[Event "FRA-ch Teams Top 16-Haute 2022"]
[Site "Chartres"]
[Date "2022.06.17"]
[Round "9.20"]
[White "Fressinet, Laurent"]
[Black "Decuigniere, Tom"]
[Result "1-0"]
[ECO "E11"]
[WhiteElo "2630"]
[BlackElo "2371"]
[Annotator "TA"]
[PlyCount "101"]
[EventDate "2022.06.16"]
[EventType "team-tourn"]
[EventCountry "FRA"]
[SourceTitle "playchess.com"]
[Source "ChessBase"]
[SourceQuality "1"]
[TimeControl "40/5400+30:1800+30"]

1. d4 Nf6 2. Nf3 e6 3. c4 Bb4+ 4. Bd2 Qe7 5. g3 Nc6 6. Nc3 Bxc3 7. Bxc3 Ne4 8. Rc1 O-O 9. Bg2 d6 10. d5 Nxc3 11. Rxc3 Nb8 12. dxe6 fxe6 13. O-O Nd7 {[%emt 0:01:34] 13...Nc6 is not played anymore.} 14. Qd2 {[%emt 0:01:33] E11: Bogo-Indian.} Nf6 15. Ng5 {[%emt 0:00:36] Prevents Ne4.} c6 {[%emt 0:03:14] [#]} 16. Ne4 $146 {[%emt 0:06:23] White is slightly better.} ({Predecessor:} 16. Rd3 d5 17. Qc2 h6 18. Nf3 e5 19. cxd5 e4 20. Re3 cxd5 21. Nd4 Qe5 22. Qd2 {½-½ (47) Farago,I (2417)-Horton,A (2295) Budapest 2017}) 16... Nxe4 17. Bxe4 d5 18. Bg2 dxc4 19. Rxc4 e5 20. Qe3 Qd6 21. Re4 Re8 22. f4 Bf5 23. Rxe5 Rxe5 24. fxe5 Qe6 25. Qf4 Bg6 26. Qb4 Rb8 27. Qa5 {[%emt 0:12:10] White is more active.} Re8 28. Qxa7 Re7 29. Qb8+ Be8 30. a3 (30. Be4 {looks sharper.} g6 31. Rf6 Qxe5 32. Qxe5 Rxe5 33. Bd3) 30... Qxe5 31. Qxe5 Rxe5 $16 {[%emt 0:00:04][%mdl 4096] Endgame KRB-KRB} 32. Bf3 Re3 33. Rd1 Rb3 34. Rd2 Kf7 35. Kf2 Ke7 36. e4 c5 37. Bd1 Rb6 38. Ke3 Bg6 39. Bg4 Rb3+ 40. Kf4 Be8 41. Bd1 Rb6 42. e5 Bf7 43. h4 h6 44. g4 c4 45. Ke4 Ra6 46. Kd4 Ra8 (46... Ra5 $16) 47. Bf3 $18 Rb8 {[%emt 0:00:00] [#]} (47... Ra7 $142 48. g5 hxg5) 48. Kc3 $1 Be6 49. Rd6 b5 50. Bd5 Bd7 51. Ra6 {[%emt 0:00:00] Weighted Error Value: White=0.05 (flawless) /Black=0.16 (very precise)} 1-0

[Event "FRA-ch Teams Top 16-Haute 2022"]
[Site "Chartres"]
[Date "2022.06.17"]
[Round "9.21"]
[White "Savina, Anastasia"]
[Black "Naiditsch, Arkadij"]
[Result "1-0"]
[ECO "E51"]
[WhiteElo "2348"]
[BlackElo "2654"]
[Annotator "TA"]
[PlyCount "63"]
[EventDate "2022.06.16"]
[EventType "team-tourn"]
[EventCountry "FRA"]
[SourceTitle "playchess.com"]
[Source "ChessBase"]
[SourceQuality "1"]
[TimeControl "40/5400+30:1800+30"]

1. d4 Nf6 2. c4 e6 3. Nc3 Bb4 4. e3 O-O 5. Bd2 d5 6. Nf3 b6 7. cxd5 exd5 8. Bd3 {[%emt 0:00:19] E51: Nimzo-Indian: Rubinstein: 4...0-0 5 Nf3 d5.} Re8 9. Rc1 Bf8 10. Ne5 {[%emt 0:01:50] The position is equal.} c5 11. O-O Ba6 {[%emt 0:00:41] [#]} 12. Be1 $146 ({Predecessor:} 12. Bxa6 Nxa6 13. f4 Nc7 14. Be1 Ne4 15. Nxe4 dxe4 16. b4 f6 17. bxc5 fxe5 18. cxb6 axb6 {0-1 (50) Kaliszuk,K (1937)-Musial,T (2073) Ustron 2020}) 12... Bxd3 13. Qxd3 Qc8 14. f4 Qb7 15. Bh4 {[%emt 0:06:06] [#] aiming for Bxf6.} Ne4 16. Nxe4 dxe4 17. Qb5 Rc8 18. dxc5 {[%emt 0:02:22] Strongly threatening Rfd1. 0x0.00207b66f4efdp-1022s more active pieces. The black rooks are badly placed.} a6 $2 {[%emt 0:05:50][%mdl 8192] [#] This move loses the game for Black.} (18... Nc6 $16 {is more resistant.}) 19. Qxb6 $18 Ra7 20. b4 a5 21. a3 Qa8 22. c6 {[%emt 0:03:31] Against Rb7. White is clearly winning.} axb4 23. axb4 Na6 24. b5 Nc7 25. Nd7 {[%emt 0:01:40] Prevents Qb8.} Ne6 (25... Ra5 $142 26. Rb1 Ba3) 26. f5 Nc7 27. Rfd1 Ba3 28. Rb1 Ne8 29. Qd4 Ra4 30. Qe5 Bd6 31. Rxd6 Nxd6 32. Nb6 {[%emt 0:00:35] Weighted Error Value: White=0.08 (flawless) /Black=0.46} 1-0

[Event "FRA-ch Teams Top 16-Haute 2022"]
[Site "Chartres"]
[Date "2022.06.17"]
[Round "9.22"]
[White "Bellahcene, Bilel"]
[Black "Pourquet, Matthieu"]
[Result "1-0"]
[ECO "C19"]
[WhiteElo "2521"]
[BlackElo "2178"]
[Annotator "TA"]
[PlyCount "101"]
[EventDate "2022.06.16"]
[EventType "team-tourn"]
[EventCountry "FRA"]
[SourceTitle "playchess.com"]
[Source "ChessBase"]
[SourceQuality "1"]
[TimeControl "40/5400+30:1800+30"]

1. e4 e6 2. d4 d5 3. Nc3 Bb4 4. e5 c5 5. a3 Bxc3+ 6. bxc3 Qc7 7. Nf3 Ne7 8. h4 h6 {[%emt 0:03:38] C19: French: 3 Nc3 Bb4: Main line: 7 Nf3 and 7 a4.} 9. a4 $1 {[%emt 0:01:17][%mdl 4] is recently more successful than 9.h5.} b6 10. Bb5+ Bd7 {[%emt 0:00:06] The position is equal.} 11. Bd3 Nbc6 12. Bd2 Na5 13. O-O Nc4 (13... c4 $5 14. Be2 Bc6 $11) 14. Bc1 {[%emt 0:00:42][%cal Bd2c1,Bc1a3,Ba3c5][%mdl 32] [#]} a6 $146 (14... Na5 $11) ({Predecessor:} 14... O-O 15. Re1 f6 16. exf6 Rxf6 17. Ne5 Nxe5 18. dxe5 Rff8 19. Qh5 c4 20. Bf1 Rf5 {1-0 (51) Warmerdam,M (2535)-Gazis,E (2146) Aghios Kirykos 2021}) 15. Re1 (15. Bxc4 $14 dxc4 16. dxc5) 15... b5 (15... Na5 $11) 16. Bxc4 bxc4 17. Ba3 Bxa4 18. Bxc5 Bb5 19. Nh2 O-O-O ({Black should play} 19... O-O $14) 20. Qg4 Rdg8 21. Reb1 Nc6 22. Bd6 Qd7 23. Qd1 {[%emt 0:14:48] White is more active.} (23. Nf3 $16) 23... f5 $1 $14 24. Qc1 (24. Rb2 $16) 24... g5 25. Qa3 {[%emt 0:00:30][%cal Ob1b5] aiming for Rxb5!} Qb7 26. h5 (26. Qc5 $5 Rg7 27. h5 $16) 26... g4 (26... Rh7 $11) 27. Nf1 $16 Rg5 $2 (27... Rh7 $16 {was called for.}) 28. Qc5 $18 {[%emt 0:00:00][%cal Oa1a6] Hoping for Rxa6!} Kd7 {[%emt 0:00:00] [#]} (28... Rg7 $142 29. Rxa6 Bxa6 30. Rxb7 Bxb7) 29. Ng3 $2 (29. Rxa6 $1 $18 Qxa6 30. Rxb5) 29... f4 $14 30. Ne2 $36 {[%emt 0:00:00][%mdl 2048] Black is under pressure.} Rf5 31. g3 Rc8 {[%emt 0:00:00] [#] White now steadily converts the win.} 32. Qa3 $1 {[%emt 0:00:00] Chess con chili.} ({Don't do} 32. gxf4 Ke8 $11) (32. Nxf4 $6 Nxe5 33. Qb4 Nf3+ 34. Kg2 Qc6 $15) 32... f3 (32... fxg3 $16 {is a better defense.} 33. fxg3 (33. Nxg3 Rf3 $11) 33... Rf3) 33. Nf4 $18 Rxf4 (33... Re8 $142 34. Qc5 Rf7) 34. gxf4 Ke8 35. Kh2 g3+ $2 (35... Kf7 36. Qc1 Ne7 37. Bxe7 Qxe7) 36. Kxg3 ({Less strong is} 36. fxg3 Qf7 37. g4 Qxf4+ 38. Kh3 Qd2 $16) 36... Qh7 {[%emt 0:00:00] [#]} 37. Rxb5 $1 axb5 38. Qa6 Qd7 39. Kxf3 Kf7 40. Rg1 Rg8 41. Rxg8 Kxg8 {[%emt 0:30:05][%mdl 4096] Endgame KQB-KQN} 42. Ke3 Kf7 (42... Ne7 $142 43. Bxe7 Qxe7 44. Qxb5 Qf7) 43. Qa1 {[%emt 0:00:00] Black must now prevent Qg1.} Qe8 44. Qg1 Qg8 {[%emt 0:00:00] Inhibits Qg6+.} 45. Qxg8+ Kxg8 {[%emt 0:00:00] KB-KN} 46. f5 Kf7 47. f6 Ke8 48. Kf4 (48. Kf3 $142 Kf7 49. Kg4 Na7 50. Ba3 Ke8 51. f4 Kf7 52. f5 Nc6 53. Bc1) 48... Nd8 {[%emt 0:00:00] White is clearly winning.} 49. Kg4 {[%emt 0:00:00] Threatens to win with f3.} Nf7 50. Ba3 Kd7 51. f4 {[%emt 0:00:00] Weighted Error Value: White=0.24 (precise) /Black=0.47} 1-0

[Event "FRA-ch Teams Top 16-Haute 2022"]
[Site "Chartres"]
[Date "2022.06.17"]
[Round "9.23"]
[White "Adrian, Claude"]
[Black "Le Roux, Jean-Pierre"]
[Result "0-1"]
[ECO "E62"]
[WhiteElo "2175"]
[BlackElo "2513"]
[Annotator "TA"]
[PlyCount "83"]
[EventDate "2022.06.16"]
[EventType "team-tourn"]
[EventCountry "FRA"]
[SourceTitle "playchess.com"]
[Source "ChessBase"]
[SourceQuality "1"]
[TimeControl "40/5400+30:1800+30"]

1. Nf3 Nf6 2. c4 g6 3. g3 Bg7 4. Bg2 O-O 5. d4 d6 6. O-O c6 7. Nc3 Qb6 {[%emt 0:01:24] 7...Bf5 gains popularity.} 8. e4 Bg4 {[%emt 0:00:28] E62: King's Indian: Fianchetto: 6...c6 and Panno Variation (6...Nc6) without ...a6.} 9. h3 Bxf3 10. Bxf3 Nfd7 $1 11. Be3 Qxb2 12. Na4 Qb4 13. Rb1 Qxc4 {[%emt 0:09:05] Threatens to win with ...b5.} 14. Rxb7 {[%emt 0:00:00] [#]} Nb6 $146 ({Predecessor:} 14... Qa6 15. Qb3 e5 16. d5 cxd5 17. exd5 Nf6 18. Rc1 e4 19. Bg2 Nbd7 20. Rc6 Nb6 21. Nxb6 axb6 22. Rbxb6 Qxa2 23. Qxa2 Rxa2 24. Rxd6 {½-½ (93) Docx,S (2328)-Peelen,P (2354) Belgium 2012}) 15. Nxb6 axb6 16. Rxb6 (16. Rxe7 {is more complex.} Qxa2 17. Qb1 c5 18. e5) 16... Qxa2 17. Qb1 Qa4 18. Rc1 Nd7 (18... Bxd4 $2 19. Rb4 Qa2 20. Rxd4 $18) 19. Rbxc6 ({White should play} 19. Bd1 $1 $14 Qa3 20. Rb7 (20. Rbxc6 Rfb8 $16)) 19... Bxd4 (19... Rfb8 $5 20. Qd3 {[#]} Nc5 $1 21. R6xc5 dxc5 22. Rxc5 Qb4 $15) 20. R6c4 {[%emt 0:00:00] [#]} (20. Bd1 $5 Qa7 21. Rc7 Bxe3 22. Rxa7 Bxa7 23. Rc7 $14) 20... Qxc4 21. Rxc4 Ra1 22. Qxa1 Bxa1 23. Rc7 Rd8 24. Bg4 e6 $1 25. Bg5 Nf6 26. Kg2 Rb8 27. Bxf6 Bxf6 $15 {[%emt 0:00:06][%mdl 4096] Endgame KRB-KRB} 28. Rc6 Rd8 29. Be2 Bd4 30. Rc4 Bg7 31. Rc7 Ra8 32. Rd7 Bf8 33. Bb5 Rb8 34. Bc6 Kg7 35. Rb7 $1 Rd8 36. f4 h6 37. g4 g5 38. f5 Kf6 39. Kf3 Rc8 40. Bb5 Rc3+ 41. Kg2 $1 Rc8 42. Kf3 $1 {[%emt 0:00:00] Weighted Error Value: White=0.11 (very precise) /Black=0.09 (flawless)} 0-1

[Event "FRA-ch Teams Top 16-Haute 2022"]
[Site "Chartres"]
[Date "2022.06.17"]
[Round "9.24"]
[White "Sebag, Marie"]
[Black "Thomas, Anysia"]
[Result "1/2-1/2"]
[ECO "B27"]
[WhiteElo "2472"]
[BlackElo "2126"]
[Annotator "TA"]
[PlyCount "112"]
[EventDate "2022.06.16"]
[EventType "team-tourn"]
[EventCountry "FRA"]
[SourceTitle "playchess.com"]
[Source "ChessBase"]
[SourceQuality "1"]
[TimeControl "40/5400+30:1800+30"]

1. e4 c5 2. Nf3 g6 3. d4 cxd4 4. Qxd4 Nf6 5. Nc3 Nc6 6. Qa4 d6 7. e5 dxe5 8. Nxe5 {[%emt 0:00:12] next Bc4 is good for White.} Bd7 {[%emt 0:00:16] B27: Sicilian: 2 Nf3, unusual Black 2nd moves.} 9. Nxd7 Nxd7 10. Bb5 {[%emt 0:01:59] 10.Be3 is the fancy move.} Bg7 {[%emt 0:00:08] The position is equal.} 11. O-O O-O 12. Rd1 Qc8 13. Nd5 {[%emt 0:01:12] [#] Bxc6 is the strong threat.} Nb6 14. Nxb6 axb6 15. Qc4 Rd8 16. Rxd8+ Qxd8 17. c3 $1 Na7 18. Be3 Rc8 19. Qe2 {[%emt 0:01:04] Threatens to win with Rd1.} Nxb5 20. Qxb5 Rc6 21. a4 Rd6 {[%emt 0:04:41] [#]} 22. g3 $146 ({Predecessor:} 22. Qb3 e6 23. Kf1 Bf8 24. Ke2 Qh4 25. h3 Qh5+ 26. Ke1 Qa5 27. Rd1 Rxd1+ 28. Qxd1 {½-½ (44) Ruperez Benito,A (2349)-Perez Gonzalez,J (2161) Madrid 2019}) 22... h5 23. h4 Bf6 24. Kg2 Re6 25. Re1 Kg7 26. Re2 Rd6 $1 {[%emt 0:05:13] Prevents Rd2.} 27. Re1 Re6 28. Kf1 Rd6 29. Kg1 Re6 30. Ra1 Qd6 {[%emt 0:05:33][%cal Oe6e3] [#] Strongly threatening ...Rxe3!} 31. Kg2 Qd8 32. a5 bxa5 33. Rxa5 Re5 34. Qb6 Qd7 35. Rxe5 Bxe5 $11 {[%emt 0:00:04][%mdl 4096] Endgame KQB-KQB} 36. c4 f5 37. f3 Qd3 38. b3 Bf6 39. Bf2 Qe2 40. Qe3 Qc2 41. f4 Kf8 42. Kf1 Qd1+ 43. Be1 (43. Kg2 $11 {was the only way to keep the balance.}) 43... Bd4 $17 44. Qe2 Qxb3 45. Bf2 Bxf2 (45... Qb1+ {seems wilder.} 46. Kg2 Bf6 47. Bc5 Qe4+) 46. Kxf2 {[%emt 0:00:00] KQ-KQ} Qb6+ 47. Kg2 Qc6+ 48. Kh2 Kf7 49. Qd3 Qc5 50. Kg2 Qc6+ 51. Kh2 $1 Qd6 52. Qb3 {[%emt 0:00:00] Black is slightly better.} Qc5 53. Qxb7 Qxc4 54. Qb2 $1 Qe4 55. Qh8 Qe2+ 56. Kg1 Qe1+ {[%emt 0:11:29] Weighted Error Value: White=0.05 (flawless) /Black=0.05 (flawless)} 1/2-1/2

[Event "FRA-ch Teams Top 16-Haute 2022"]
[Site "Chartres"]
[Date "2022.06.17"]
[Round "9.25"]
[White "Vocaturo, Daniele"]
[Black "Bauer, Christian"]
[Result "1/2-1/2"]
[ECO "B33"]
[WhiteElo "2608"]
[BlackElo "2596"]
[Annotator "TA"]
[PlyCount "51"]
[EventDate "2022.06.16"]
[EventType "team-tourn"]
[EventCountry "FRA"]
[SourceTitle "playchess.com"]
[Source "ChessBase"]
[SourceQuality "1"]
[TimeControl "40/5400+30:1800+30"]

1. e4 c5 2. Nf3 Nc6 3. d4 cxd4 4. Nxd4 Qb6 5. Nb3 Nf6 6. Nc3 e6 7. Qe2 Bb4 8. Bd2 O-O 9. a3 {[%emt 0:03:43] B33: Sicilian: Pelikan and Sveshnikov Variations.} Bxc3 10. Bxc3 e5 11. O-O-O $1 {[%emt 0:05:14] White is slightly better.} Re8 12. Rg1 d6 13. g4 (13. Rxd6 $5 Nd4 14. Rxb6 (14. Rxd4 exd4 15. Bxd4 Qc7 $11) 14... Nxe2+ 15. Bxe2 axb6 16. f3 $11) 13... Be6 ({Resist} 13... Bxg4 14. Rxg4 Nxg4 15. Qxg4 $16) 14. g5 Nd7 {[%emt 0:00:08] [#]} 15. Qe3 $146 ({Predecessor:} 15. Rg3 Bxb3 16. cxb3 Nd4 17. Bxd4 exd4 18. Kb1 Nc5 19. Rxd4 d5 20. Qb5 Nxe4 21. Qxb6 axb6 {1-0 (36) Kantor,G (2552)-Horvath,A (2501) Zalakaros 2021}) 15... Nc5 (15... Bxb3 $11 16. cxb3 Qxb3) 16. Nd2 ({Better is} 16. Nxc5 $1 $14 dxc5 17. Rd6) 16... Qc7 $11 17. Nc4 Na4 $1 18. Nxd6 Red8 19. Nf5 Rxd1+ 20. Kxd1 Qd7+ (20... Rc8 $1 $15 21. Bb5 Nxc3+ 22. bxc3 Na5) 21. Kc1 Nxc3 22. Qxc3 Bxf5 23. exf5 Qxf5 (23... Nd4 $11 24. Qe3 Nxc2) 24. Qe3 $1 $14 Nd4 {[%emt 0:04:19][%csl Gd4][%cal Rf5c2] [#]} 25. Bd3 Qe6 26. Qe4 {[%csl LRb7,LRh7] Weighted Error Value: White=0.10 (very precise) /Black=0.16 (very precise)} 1/2-1/2

[Event "FRA-ch Teams Top 16-Haute 2022"]
[Site "Chartres"]
[Date "2022.06.17"]
[Round "9.26"]
[White "Mamedov, Rauf"]
[Black "Gharamian, Tigran"]
[Result "*"]
[ECO "B10"]
[WhiteElo "2656"]
[BlackElo "2602"]
[Annotator "TA"]
[PlyCount "27"]
[EventDate "2022.06.16"]
[EventType "team-tourn"]
[EventCountry "FRA"]
[SourceTitle "playchess.com"]
[Source "ChessBase"]
[SourceQuality "1"]
[TimeControl "40/5400+30:1800+30"]

1. e4 c6 2. Nf3 d5 3. e5 Bg4 4. Be2 e6 5. O-O Ne7 6. d4 {[%emt 0:03:31] B10: Caro-Kann: 2 d3 and 2 c4.} Nd7 7. Nbd2 Qc7 $5 {[%emt 0:05:05][%mdl 4] Leaves trodden paths.} 8. h3 {[%emt 0:02:36] White is slightly better.} Bh5 {[%emt 0:06:49] [#]} 9. Nb3 $146 ({Predecessor:} 9. Re1 h6 10. b3 O-O-O 11. b4 f6 12. c3 Bf7 13. Bd3 fxe5 14. Nxe5 Nxe5 15. Rxe5 {1-0 (53) Alascio Ruiz,J (2287)-Dellenbach,J (1960) ICCF email 2017}) 9... c5 10. dxc5 (10. c4 {is superior.}) 10... Nc6 (10... Bxf3 $5 11. Bxf3 Ng6 $11) 11. Bf4 Bxc5 12. Ne1 Bg6 13. Nxc5 Nxc5 14. Nd3 {[%emt 0:00:01] Weighted Error Value: White=0.13 (very precise) /Black=0.11 (very precise)} *